[Event "*** Qualifier 4: Titled Tuesday 3|2 Blitz"]
[Site "Chess.com"]
[Date "2017.04.25"]
[Round "3"]
[White "kharov2001"]
[Black "WeiYi1999"]
[Result "1-0"]
[WhiteElo "1944"]
[BlackElo "2057"]
[TimeControl "180+2"]
[EndTime "13:31:47 PDT"]
[Termination "kharov2001 won by resignation"]

1. e4 e5 2. Nf3 Nc6 3. d4 exd4 4. Bc4 Bc5 5. c3 Nf6 6. cxd4 Bb4+ 7. Bd2 Bxd2+ 8. Nbxd2 d5 9. exd5 Nxd5 10. O-O O-O 11. Re1 Nb6 12. Bd3 Nxd4 13. Nxd4 Qxd4 14. Nf3 Qxb2 15. Bxh7+ Kh8 16. Re4 g6 17. Rh4 Kg7 18. Rb1 Qc3 19. Rb3 Qf6 20. Qc1 g5 21. Nxg5 Rh8 22. Rg3 Kf8 23. Rf3 Qc6 24. Rxf7+ Ke8 25. Qe1+ 1-0

[Event "*** Qualifier 4: Titled Tuesday 3|2 Blitz"]
[Site "Chess.com"]
[Date "2017.04.25"]
[Round "3"]
[White "Hikaru"]
[Black "Zlatan56"]
[Result "1/2-1/2"]
[WhiteElo "2948"]
[BlackElo "2595"]
[TimeControl "180+2"]
[EndTime "13:31:52 PDT"]
[Termination "Game drawn by agreement"]

1. b3 e5 2. Bb2 d6 3. g3 g6 4. d4 Nd7 5. dxe5 dxe5 6. Nf3 Bg7 7. Bh3 Qe7 8. e4 Ngf6 9. Ba3 Qd8 10. Nbd2 Bf8 11.
Bb2 Bg7 12. Nxe5 Nxe5 13. Bxc8 Rxc8 14. Bxe5 Qe7 15. Bb2 Nxe4 16. O-O Bxb2 17. Nxe4 O-O 18. Rb1 Qxe4 19. Rxb2 Rcd8 20. Qc1 Rfe8 21. c4 h5 22. h4 Qf3 23. Rd2 Rxd2 24. Qxd2 Qe2 25. Rd1 b6 26. Qd7 Re7 27. Qc8+ Re8 28. Rd8 Rxd8 29. Qxd8+ Kg7 30.
Qxc7 Qxa2 31. b4 Qb1+ 32. Kg2 Qxb4 1/2-1/2

[Event "*** Qualifier 4: Titled Tuesday 3|2 Blitz"]
[Site "Chess.com"]
[Date "2017.04.25"]
[Round "3"]
[White "politeplayer"]
[Black "pedromartinez91"]
[Result "1-0"]
[WhiteElo "2182"]
[BlackElo "2301"]
[TimeControl "180+2"]
[EndTime "13:32:05 PDT"]
[Termination "politeplayer won by checkmate"]

1. e4 e6 2. d4 d5 3. Bd3 Nf6 4. exd5 exd5 5. Nf3 Be7 6. O-O Bg4 7. Re1 O-O 8. Nbd2 Nc6 9. c3 h6 10. Nf1 a5 11. Ng3 a4 12. h3 Bd7 13. Nf5 Bxf5 14.
Bxf5 a3 15. b4 Bd6 16. b5 Ne7 17. Bc2 Qd7 18. Ne5 Qxb5 19. Rb1 Qa5 20. Rxb7 Qxc3 21.
Rb3 Qa5 22. Bxh6 gxh6 23. Rg3+ Ng6 24. Bxg6 fxg6 25. Rxg6+ Kh7 26. Qc1 Ng8 27. Qb1 Rab8 28. Rxh6+ Kxh6 29. Qg6# 1-0

[Event "*** Qualifier 4: Titled Tuesday 3|2 Blitz"]
[Site "Chess.com"]
[Date "2017.04.25"]
[Round "3"]
[White "GM_Huschenbeth"]
[Black "roldieyi"]
[Result "1-0"]
[WhiteElo "2319"]
[BlackElo "2121"]
[TimeControl "180+2"]
[EndTime "13:32:10 PDT"]
[Termination "GM_Huschenbeth won by checkmate"]

1. e4 c6 2. d4 d5 3. e5 Bf5 4. Nf3 e6 5. Be2 c5 6. Be3 Nc6 7. dxc5 Qc7 8. O-O Nxe5 9. Nxe5 Qxe5 10.
Bb5+ Ke7 11. c4 Qxb2 12. Bd4 Qb4 13. cxd5 Qxb5 14. Nc3 Qd3 15. Qb3 Qxd4 16. Qxb7+ Kf6 17. Qxa8 Bxc5 18. Rac1 Ba3 19. Nb5 Qa4 20. Nxa3 Qxa3 21. Rc8 Be4 22. Rxg8 Rxg8 23. Qxg8 exd5 24. h4 Qxa2 25.
Qd8+ Ke6 26. Rc1 g6 27. Rc6+ Ke5 28. Qf6# 1-0

[Event "*** Qualifier 4: Titled Tuesday 3|2 Blitz"]
[Site "Chess.com"]
[Date "2017.04.25"]
[Round "3"]
[White "Rodalquilar"]
[Black "grzechu96"]
[Result "1-0"]
[WhiteElo "2554"]
[BlackElo "2389"]
[TimeControl "180+2"]
[EndTime "13:32:15 PDT"]
[Termination "Rodalquilar won by resignation"]

1. d4 Nf6 2. Bf4 g6 3. e3 Bg7 4. Nf3 O-O 5. Be2 d6 6. O-O Nfd7 7. e4 e5 8. Bg5 Qe8 9. Nc3 exd4 10. Nd5 Qxe4 11.
Nxc7 b6 12. Nxa8 Qxa8 13. Nxd4 Bb7 14. Bf3 Bxf3 15. Nxf3 Bxb2 16. Rb1 Bg7 17. Qxd6 Nc5 18. Rbd1 Nc6 19. Rfe1 h6 20. Bf6 Qc8 21. Bxg7 Kxg7 22.
Nd4 Nxd4 23. Qxd4+ Kg8 24. Re7 Ne6 25. Qb2 a5 26. Rdd7 Qc5 27. h4 Qc6 28. Qf6 h5 29. Rxf7 1-0

[Event "*** Qualifier 4: Titled Tuesday 3|2 Blitz"]
[Site "Chess.com"]
[Date "2017.04.25"]
[Round "3"]
[White "brauliocuarta"]
[Black "poummba"]
[Result "0-1"]
[WhiteElo "2039"]
[BlackElo "2363"]
[TimeControl "180+2"]
[EndTime "13:32:27 PDT"]
[Termination "poummba won by checkmate"]

1. d4 g6 2. c4 Bg7 3. e4 d6 4. f4 Nc6 5. d5 Nd4 6. Nf3 Bg4 7.
Be2 Nxe2 8. Qxe2 c6 9. O-O Nf6 10. e5 Nd7 11. exd6 cxd5 12. cxd5 Qb6+ 13. Be3 Qxd6 14.
Nc3 O-O 15. Nb5 Qa6 16. a4 Nf6 17. Qd2 Rad8 18. Bxa7 Nxd5 19. Qf2 Nxf4 20. Ng5 e5 21. Bc5 Rfe8 22. Qh4 Bh5 23. Ne4 Qc6 24. Rfe1 f5 25.
Ned6 Qxg2# 0-1

[Event "*** Qualifier 4: Titled Tuesday 3|2 Blitz"]
[Site "Chess.com"]
[Date "2017.04.25"]
[Round "3"]
[White "Ar4uha"]
[Black "johnathan113"]
[Result "0-1"]
[WhiteElo "2458"]
[BlackElo "2463"]
[TimeControl "180+2"]
[EndTime "13:32:33 PDT"]
[Termination "johnathan113 won by resignation"]

1. e4 c5 2. Nf3 Nc6 3. Bb5 g6 4.
O-O Bg7 5. Re1 Nf6 6. e5 Nd5 7. Nc3 Nc7 8. Bxc6 dxc6 9. Ne4 b6 10. d3 O-O 11. h3 Ne6 12. Be3 Nd4 13. Bxd4 cxd4 14.
Qd2 c5 15. Qf4 Bb7 16. h4 f6 17. h5 fxe5 18. Qg3 gxh5 19. Nxe5 Kh8 20. Ng5 Qd5 21.
Nef3 Bf6 22. Ne4 Rg8 23. Qh3 Rg7 24. Ng3 Rag8 25. Kf1 h4 26. Ne4 Rxg2 27. Qxg2 Rxg2 28.
Kxg2 Qf5 29. Nh2 Be5 30. Rh1 h3+ 31. Kf1 Bxe4 32. dxe4 Qxe4 33. f3 Qxc2 0-1

[Event "*** Qualifier 4: Titled Tuesday 3|2 Blitz"]
[Site "Chess.com"]
[Date "2017.04.25"]
[Round "3"]
[White "DryCounty"]
[Black "Cayse"]
[Result "0-1"]
[WhiteElo "2477"]
[BlackElo "2639"]
[TimeControl "180+2"]
[EndTime "13:32:35 PDT"]
[Termination "Cayse won by resignation"]

1. Nf3 Nf6 2. c4 e6 3. g3 d5 4. b3 d4 5. Bg2 Be7 6. O-O O-O 7. e3 c5 8. Bb2 Nc6 9. exd4 cxd4 10.
Re1 Bc5 11. a3 a5 12. Ne5 Nxe5 13. Rxe5 Nd7 14. Re1 e5 15. d3 Bd6 16. Nd2 Nc5 17.
Ne4 Nxe4 18. Bxe4 Kh8 19. Bd5 f5 20. f4 exf4 21. gxf4 Qh4 22. Qf3 Bxf4 23. Re2 Ra6 24. Rf1 Be3+ 25. Rxe3 Qg5+ 26. Kh1 Qxe3 27. Qxe3 dxe3 28.
Be5 f4 29. Kg2 Rg6+ 30. Kf3 Bh3 31. Rf2 exf2 32. Kxf2 f3 33. d4 Rg2+ 0-1

[Event "*** Qualifier 4: Titled Tuesday 3|2 Blitz"]
[Site "Chess.com"]
[Date "2017.04.25"]
[Round "3"]
[White "underdogchss"]
[Black "OparinGrigoriy"]
[Result "1-0"]
[WhiteElo "2393"]
[BlackElo "2581"]
[TimeControl "180+2"]
[EndTime "13:32:51 PDT"]
[Termination "underdogchss won by checkmate"]

1. d4 Nf6 2. Nf3 e6 3. c4 b6 4.
g3 Ba6 5. b3 Bb4+ 6. Bd2 Be7 7.
Nc3 d5 8. cxd5 exd5 9. Bg2 O-O 10. O-O Re8 11. Ne5 Bb7 12. Rc1 Nbd7 13. Nd3 Nf8 14. Bf4 c6 15. Re1 Ne6 16. Be5 Nd7 17. Bh3 Ba3 18. Rc2 Nxe5 19. Nxe5 Qd6 20. e3 Ng5 21.
Bg2 f6 22. Nd3 Rad8 23. Qg4 g6 24. h4 h5 25. Qd1 Ne6 26. Qb1 Kg7 27. b4 Ba6 28. b5 Bxb5 29. Nxb5 cxb5 30. Qxb5 Rc8 31. Rxc8 Rxc8 32. Qxd5 Qxd5 33. Bxd5 Nc7 34. Bc4 Ne8 35. Bb3 Rc3 36. Nf4 Nd6 37. e4 Nb5 38. Ne6+ Kh6 39. e5 fxe5 40. dxe5 Be7 41. Rd1 Nc7 42. Nf4 Rc5 43. Rd7 Rxe5 44. Rxc7 Bc5 45. Rc6 Rf5 46. Rxg6+ Kh7 47. Bg8+ Kh8 48. Be6 Re5 49. Kg2 Re1 50. Nxh5 Re2 51. Rh6# 1-0

[Event "*** Qualifier 4: Titled Tuesday 3|2 Blitz"]
[Site "Chess.com"]
[Date "2017.04.25"]
[Round "3"]
[White "swayamsm"]
[Black "pastouche06"]
[Result "0-1"]
[WhiteElo "2421"]
[BlackElo "2329"]
[TimeControl "180+2"]
[EndTime "13:32:57 PDT"]
[Termination "pastouche06 won by resignation"]

1. d4 Nf6 2. c4 e6 3. Nc3 Bb4 4.
f3 O-O 5. a3 Bxc3+ 6. bxc3 Ne8 7.
e4 c5 8. Nh3 Nc6 9. d5 Na5 10.
e5 d6 11. Bg5 Qc7 12. exd6 Nxd6 13. Bf4 e5 14. Bg3 Bxh3 15. gxh3 Naxc4 16. Bd3 f5 17. Qe2 b5 18. O-O Rae8 19. a4 a6 20. axb5 axb5 21. Rfb1 Qd7 22. Ra6 e4 23. fxe4 Nxe4 24. Bxc4 bxc4 25. Qxc4 Nd2 26. Qb5 Qxd5 27. Qb7 Qd3 28.
Ra7 Qxb1+ 29. Qxb1 Nxb1 30. Bd6 Rf7 31. Ra5 Nxc3 32. Rxc5 Ne4 0-1

[Event "*** Qualifier 4: Titled Tuesday 3|2 Blitz"]
[Site "Chess.com"]
[Date "2017.04.25"]
[Round "3"]
[White "Iball95"]
[Black "ehrenfeld"]
[Result "1-0"]
[WhiteElo "2531"]
[BlackElo "2373"]
[TimeControl "180+2"]
[EndTime "13:32:59 PDT"]
[Termination "Iball95 won by resignation"]

1. e4 d6 2. d4 g6 3. Nc3 Bg7 4.
Be3 a6 5. h4 h5 6. Nh3 Bxh3 7.
Rxh3 Nf6 8. f3 Nbd7 9. Qd2 b5 10. Bd3 c6 11. O-O-O Qc7 12. Kb1 c5 13. dxc5 Nxc5 14. Bg5 Ncd7 15. Rhh1 Rc8 16. Rhe1 Nb6 17. f4 O-O 18. e5 dxe5 19. fxe5 Ng4 20. e6 f5 21. Ne2 Na4 22. c3 b4 23. Qc2 bxc3 24. Qxa4 cxb2 25. Bxa6 Ra8 26. Rd7 Qb6 27. Rxe7 Rxa6 28. Qd7 Be5 29. Re8 Qc7 30. Rxf8+ Kxf8 31. e7+ 1-0

[Event "*** Qualifier 4: Titled Tuesday 3|2 Blitz"]
[Site "Chess.com"]
[Date "2017.04.25"]
[Round "3"]
[White "Oneofmyturns"]
[Black "Blitzstream"]
[Result "1-0"]
[WhiteElo "2515"]
[BlackElo "2442"]
[TimeControl "180+2"]
[EndTime "13:33:04 PDT"]
[Termination "Oneofmyturns won by checkmate"]

1. d4 g6 2. c4 Bg7 3. e4 e6 4. f3 Ne7 5. Ne2 b6 6. Be3 Bb7 7. Nec3 d6 8. Be2 Nd7 9. Qd2 a6 10. a4 h6 11. Na3 c5 12. d5 e5 13. g4 Qc7 14. Rb1 f5 15. gxf5 gxf5 16. Rg1 Bf8 17. f4 O-O-O 18. Kd1 fxe4 19. Bg4 Kb8 20.
Nxe4 Rg8 21. Kc2 Bc8 22. Be6 Rxg1 23. Rxg1 exf4 24. Bxf4 Ne5 25. Nxd6 Qxd6 26. Qe2 N7c6 27. dxc6 Qxe6 28. Qxe5+ Ka7 29. Qb8# 1-0

[Event "*** Qualifier 4: Titled Tuesday 3|2 Blitz"]
[Site "Chess.com"]
[Date "2017.04.25"]
[Round "3"]
[White "L3on4rdo"]
[Black "Journey_to_GrandMaster_YT"]
[Result "1-0"]
[WhiteElo "2391"]
[BlackElo "2285"]
[TimeControl "180+2"]
[EndTime "13:33:09 PDT"]
[Termination "L3on4rdo won by resignation"]

1. Nf3 Nf6 2. g3 d6 3. Bg2 Nbd7 4. d4 e5 5. c4 Be7 6. Nc3 O-O 7. O-O c6 8. e4 Qe8 9. Re1 Bd8 10. b3 Ba5 11. Bb2 b5 12. cxb5 cxb5 13. Nxb5 Bxe1 14. Qxe1 Qe7 15. dxe5 Nxe5 16. Nxe5 dxe5 17. Ba3 Qd7 18. Bxf8 Qxb5 19. Be7 Qb6 20. Rc1 Bg4 21. Bc5 Qe6 22. f3 Bh5 23. Be3 h6 24. Qc3 a5 25. Qc6 Qxc6 26.
Rxc6 a4 27. b4 Rb8 28. a3 Rd8 29. g4 Bg6 30. Bf1 Rd1 31. Rc1 Rd8 32. b5 Ne8 33.
Ba7 Rd2 34. Rc8 f6 35. b6 Rb2 36. Ba6 h5 37. gxh5 Bxh5 38. b7 Bxf3 39. Rxe8+ Kh7 40.
b8=Q Rg2+ 41. Kf1 Rxh2 42. Rh8+ 1-0

[Event "*** Qualifier 4: Titled Tuesday 3|2 Blitz"]
[Site "Chess.com"]
[Date "2017.04.25"]
[Round "3"]
[White "djogrodek1"]
[Black "GGuseinov"]
[Result "0-1"]
[WhiteElo "2390"]
[BlackElo "2700"]
[TimeControl "180+2"]
[EndTime "13:33:16 PDT"]
[Termination "GGuseinov won by resignation"]

1. e4 c5 2. Nf3 g6 3. d4 cxd4 4.
Qxd4 Nf6 5. Nc3 Nc6 6. Qa4 d6 7. e5 dxe5 8. Nxe5 Bd7 9. Nxd7 Qxd7 10. Be3 Bg7 11. Rd1 Qc7 12. Be2 O-O 13. O-O a6 14. Qh4 Rac8 15. Rd2 b5 16. a3 Na5 17. Rfd1 Nc4 18.
Bxc4 Qxc4 19. Rd4 Qc6 20. Bh6 Rfe8 21. Bxg7 Kxg7 22. Qg3 Qc5 23. h3 Rc6 24. R1d2 e5 25.
R4d3 e4 26. Rd4 Rce6 27. Qe3 Re5 28. Rd6 Qc8 29. Qd4 R8e6 30. Qb6 Ne8 31. Rxe6 Rxe6 32. Qd4+ Nf6 33. Nd5 Rd6 34. Qe5 Qe6 35. Qc3 Rxd5 36. Rxd5 Qxd5 37. g4 Qd1+ 38. Kh2 h6 39. Qe5 Qf3 0-1

[Event "*** Qualifier 4: Titled Tuesday 3|2 Blitz"]
[Site "Chess.com"]
[Date "2017.04.25"]
[Round "3"]
[White "theprosecution1"]
[Black "Beca95"]
[Result "0-1"]
[WhiteElo "2602"]
[BlackElo "2692"]
[TimeControl "180+2"]
[EndTime "13:33:19 PDT"]
[Termination "Beca95 won by resignation"]

1. e4 c5 2. Nf3 Nc6 3. Bb5 d6 4.
O-O Bd7 5. Re1 Nf6 6. c3 a6 7.
Bc4 b5 8. Bf1 e5 9. a4 Rb8 10.
axb5 axb5 11. d4 Qc7 12. Bg5 Be7 13. Na3 Na7 14. Bh4 O-O 15. Bg3 exd4 16. cxd4 c4 17. e5 Nh5 18. Nxc4 Nxg3 19. exd6 Bxd6 20. Nxd6 Nxf1 21.
Ne4 Nxh2 22. Nxh2 Nc6 23. d5 Ne5 24. d6 Qb6 25. Qh5 f6 26. Ra3 Be8 27. Qh4 Bg6 28. Rg3 Rbd8 29. Ng4 Nxg4 30. Qxg4 Rfe8 31. d7 Re5 32. Ree3 f5 33. Qh4 Rxe4 34. Rxe4 fxe4 35. Qe7 Qf6 0-1

[Event "*** Qualifier 4: Titled Tuesday 3|2 Blitz"]
[Site "Chess.com"]
[Date "2017.04.25"]
[Round "3"]
[White "saraswathii"]
[Black "korason34"]
[Result "1-0"]
[WhiteElo "2217"]
[BlackElo "2318"]
[TimeControl "180+2"]
[EndTime "13:33:24 PDT"]
[Termination "saraswathii won by resignation"]

1. e4 c5 2. Nf3 d6 3. d3 a6 4. g3 b5 5. Bg2 Bb7 6. O-O Nf6 7. Qe2 e5 8. c3 Be7 9. Nbd2 Nbd7 10.
Re1 O-O 11. Nh4 g6 12. Nf1 Re8 13. f4 Bf8 14. f5 d5 15. fxg6 hxg6 16. Bg5 Be7 17.
exd5 Bxd5 18. Ne3 Bxg2 19. Qxg2 Qc7 20. Rf1 Rad8 21. Rf2 Qd6 22. Rd1 Qe6 23. Rdf1 c4 24. dxc4 bxc4 25. Qf3 Rc8 26. Re1 Bc5 27. Bxf6 Nxf6 28.
Qxf6 Qd7 29. Kg2 Re6 30. Qf3 e4 31. Qg4 Qd3 32. Nxg6 Rxg6 33. Qxc8+ Kg7 34. Qxc5 1-0

[Event "*** Qualifier 4: Titled Tuesday 3|2 Blitz"]
[Site "Chess.com"]
[Date "2017.04.25"]
[Round "3"]
[White "MyleneFarmer"]
[Black "Ingemars_Jesse"]
[Result "1-0"]
[WhiteElo "2339"]
[BlackElo "2445"]
[TimeControl "180+2"]
[EndTime "13:33:25 PDT"]
[Termination "MyleneFarmer won by resignation"]

1. d4 g6 2. e4 Nf6 3. e5 Nh5 4. Nf3 d6 5. exd6 Qxd6 6. Be2 Bg7 7. O-O O-O 8. c3 Nc6 9. Na3 Nf6 10. Nb5 Qd8 11. Bf4 Nd5 12. Bg3 a6 13. Na3 b5 14. Nc2 Bb7 15. a3 Nb6 16. Nb4 Qd7 17. Nd3 Rad8 18. Nc5 Qc8 19. Qb3 Na5 20. Qb4 Nc6 21. Qb3 Ba8 22. a4 Na5 23. Qb4 Nc6 24. Qa3 b4 25. Qb3 a5 26. Rad1 e6 27. Rfe1 Nd5 28.
Ba6 Qb8 29. Bb5 Qb6 30. Bc4 bxc3 31. Bxd5 Rxd5 32. bxc3 Qxb3 33. Nxb3 Rb8 34. Rb1 e5 35. c4 Rdd8 36. d5 Nd4 37. Nfxd4 exd4 38. Bxc7 Rxb3 39. Rxb3 Rc8 40. d6 Bc6 41. Bxa5 Bxa4 42. Rb4 Bc2 43. c5 d3 44. Rb7 Bf8 45. d7 Ra8 46. d8=Q Rxd8 47.
Bxd8 d2 48. Rf1 Bxc5 49. Rbb1 Bxb1 50. Rxb1 Ba3 51. Rd1 Bc1 1-0

[Event "*** Qualifier 4: Titled Tuesday 3|2 Blitz"]
[Site "Chess.com"]
[Date "2017.04.25"]
[Round "3"]
[White "amaidel"]
[Black "GMBenjaminBok"]
[Result "1/2-1/2"]
[WhiteElo "2418"]
[BlackElo "2626"]
[TimeControl "180+2"]
[EndTime "13:33:27 PDT"]
[Termination "Game drawn - insufficient material"]

1. e4 c5 2. Nf3 d6 3. d4 cxd4 4.
Nxd4 Nf6 5. Nc3 a6 6. f4 e5 7. Nf3 Nbd7 8. a4 Qc7 9. Bd3 Be7 10. O-O O-O 11. Kh1 Re8 12. Qe2 Nc5 13. fxe5 dxe5 14.
Bg5 Be6 15. Nh4 Nfd7 16. Bxe7 Rxe7 17. Nf5 Bxf5 18. Nd5 Qd6 19. Nxe7+ Qxe7 20. Rxf5 Ne6 21. Rff1 Rc8 22. Bc4 Nf4 23. Rxf4 exf4 24. Rd1 Ne5 25.
Bd5 g5 26. c3 Kg7 27. Qf2 f6 28. Qb6 Rc7 29. a5 f3 30. gxf3 Nxf3 31. Rf1 g4 32. Qf2 Qe5 33. Qg2 Qg5 34. Qg3 Re7 35. Qb8 Qe5 36.
Qxe5 fxe5 37. h3 h5 38. Kg2 Kg6 39. hxg4 hxg4 40. Rh1 Kg5 41. Rh8 Kf4 42. Rf8+ Ke3 43. Kg3 Nd2 44. Kxg4 Kd3 45. Kf5 Kc2 46. Rb8 Kxb2 47. Rxb7+ Rxb7 48. Bxb7 Kxc3 49. Bxa6 Kb4 50. Kxe5 Kxa5 51. Bd3 Nxe4 52. Kxe4 1/2-1/2

[Event "*** Qualifier 4: Titled Tuesday 3|2 Blitz"]
[Site "Chess.com"]
[Date "2017.04.25"]
[Round "3"]
[White "AllStarShark"]
[Black "Mbneu"]
[Result "1-0"]
[WhiteElo "2297"]
[BlackElo "2172"]
[TimeControl "180+2"]
[EndTime "13:33:27 PDT"]
[Termination "AllStarShark won by resignation"]

1. d4 d5 2. Bf4 e6 3. e3 Bd6 4.
Bg3 Ne7 5. Bd3 Nf5 6. c3 Nd7 7. Nd2 a6 8. Ngf3 Qe7 9. Qc2 Nxg3 10. hxg3 g6 11. e4 dxe4 12. Nxe4 b6 13. Nxd6+ cxd6 14. O-O-O Bb7 15. Kb1 O-O-O 16. Qe2 b5 17. Rh4 h5 18. Rdh1 Rhf8 19. Be4 Nb6 20. Nd2 Bxe4+ 21. Qxe4 Qb7 22. g4 hxg4 23. Rxg4 Nc4 24. Qxb7+ Kxb7 25. Nxc4 bxc4 26. Rh7 Kc6 27. Rf4 Rd7 28. Rf6 Kd5 29. Kc2 e5 30. dxe5 Kxe5 31. Rf3 d5 32. b4 Ke6 33. Rh4 f5 34. a4 Kf6 35. Re3 Re7 36. Rxe7 Kxe7 37. Rh7+ Kf6 38. Ra7 Ke5 39. Rxa6 g5 40.
Rh6 d4 41. Rc6 dxc3 42. Rxc4 Rh8 43. Rxc3 Rh2 44. Rg3 Kf6 45. a5 f4 46. Rg4 Kf5 47. f3 Rh8 48. Kb3 Rd8 49. Ka4 Rd1 50. a6 Kf6 51. Ka5 Rd5+ 52. b5 Rd1 53. a7 Rd2 54.
Kb6 Ra2 55. Kb7 1-0

[Event "*** Qualifier 4: Titled Tuesday 3|2 Blitz"]
[Site "Chess.com"]
[Date "2017.04.25"]
[Round "3"]
[White "arna"]
[Black "dhanushbharadwaj"]
[Result "0-1"]
[WhiteElo "2080"]
[BlackElo "2454"]
[TimeControl "180+2"]
[EndTime "13:33:28 PDT"]
[Termination "dhanushbharadwaj won by resignation"]

1. e4 c5 2. Nf3 d6 3. d4 cxd4 4.
Nxd4 Nf6 5. f3 a6 6. c4 g6 7.
Nc3 Bg7 8. Be3 O-O 9. Qd2 Bd7 10. Be2 Nc6 11. O-O Rc8 12. Rac1 Nxd4 13. Bxd4 Qa5 14. Rfd1 Kh8 15. a4 h5 16. b3 Rc7 17. Nd5 Qxd2 18. Rxd2 Nxd5 19. exd5 Bxd4+ 20. Rxd4 b5 21. axb5 axb5 22. Ra1 bxc4 23. Bxc4 Rb8 24. Re4 Bb5 25. Rae1 Bxc4 26. bxc4 Rbb7 27. h4 Kg7 28. g4 Kf8 29.
gxh5 gxh5 30. Rf4 Rb4 31. Rc1 f6 32. Rf5 Rcxc4 33. Rxc4 Rxc4 34. Rxh5 Kf7 35. Rh7+ Kf8 36. Kg2 Rd4 37. Rh5 Kg7 38. Kg3 Kg6 39. Rh8 Rxd5 40. Re8 Kf7 41. Rd8 e5 42. Kg4 Rd4+ 43. Kg3 d5 44. h5 Rd1 45. Rd6 d4 46. h6 Rh1 47.
Rd7+ Kg6 48. Rg7+ Kxh6 49. Rg8 Rg1+ 0-1

[Event "*** Qualifier 4: Titled Tuesday 3|2 Blitz"]
[Site "Chess.com"]
[Date "2017.04.25"]
[Round "3"]
[White "aa175"]
[Black "tihanaivekovic223"]
[Result "0-1"]
[WhiteElo "1814"]
[BlackElo "2001"]
[TimeControl "180+2"]
[EndTime "13:33:28 PDT"]
[Termination "tihanaivekovic223 won by checkmate"]

1. e4 c6 2. Nf3 d5 3. exd5 cxd5 4.
d4 Nc6 5. c4 Nf6 6. Nc3 Bg4 7.
Qb3 Bxf3 8. gxf3 e6 9. Qxb7 Nxd4 10. cxd5 Nxd5 11. Nxd5 Qxd5 12. Qxd5 exd5 13. f4 Nc2+ 14. Kd1 Nxa1 15. b3 Be7 16. Bb2 Bf6 17. Bb5+ Kd8 18. Bxf6+ gxf6 19. Kd2 Nxb3+ 20. axb3 Rb8 21. Bc6 Rxb3 22.
Bxd5 Rb2+ 23. Ke3 Re8+ 24. Kf3 Ree2 25. Bxf7 Rxf2+ 26. Kg4 Rb4 27. Rd1+ Ke7 28. Bg8 Rfxf4+ 29. Kg3 Rg4+ 30. Kh3 Rxg8 31. Rd7+ Ke6 32. Rd6+ Ke5 33. Re6+ Kd4 34. Rd6+ Ke4 35. Re6+ Kf5 36. Rxf6+ Kg5 37. Rf5+ Kh6 38. Rh5+ Kg6 39. Rh6+ Kf7 40. Rf6+ Ke8 41. Re6+ Kd7 42. Rd6+ Kc7 43. Rc6+ Kb7 44. Rc7+ Kb8 45. Rxa7 Rb3+ 46. Kh4 Kxa7 47. Kh5 Rh3# 0-1

[Event "*** Qualifier 4: Titled Tuesday 3|2 Blitz"]
[Site "Chess.com"]
[Date "2017.04.25"]
[Round "3"]
[White "TheCount"]
[Black "scrapnel"]
[Result "0-1"]
[WhiteElo "2463"]
[BlackElo "2477"]
[TimeControl "180+2"]
[EndTime "13:33:29 PDT"]
[Termination "scrapnel won by resignation"]

1. d4 Nf6 2. c4 e6 3. Nc3 Bb4 4. f3 d5 5. a3 Bxc3+ 6. bxc3 c5 7.
cxd5 Nxd5 8. dxc5 Qa5 9. e4 Nf6 10. Qb3 O-O 11. Be3 Nfd7 12. Bb5 Qc7 13. Qb4 Nc6 14.
Qa4 Nce5 15. Qb4 Nc6 16. Qb2 Nce5 17. Qb4 Nc6 18. Bxc6 bxc6 19. Qa4 a5 20. Ne2 Ba6 21. Kf2 Ne5 22. Nf4 Nc4 23. Rab1 Rfd8 24. Rhd1 Rxd1 25. Qxd1 Nxa3 26. Ra1 Nc4 27. Qc1 Rd8 28.
g3 e5 29. Ne2 Rd3 30. Bg5 Qa7 31. Qc2 Qxc5+ 32. Ke1 Rxf3 33. Nd4 exd4 34. Bf4 d3 0-1

[Event "*** Qualifier 4: Titled Tuesday 3|2 Blitz"]
[Site "Chess.com"]
[Date "2017.04.25"]
[Round "3"]
[White "ABDELAZEEZ-M"]
[Black "PowerThinking2650"]
[Result "0-1"]
[WhiteElo "2162"]
[BlackElo "2293"]
[TimeControl "180+2"]
[EndTime "13:33:34 PDT"]
[Termination "PowerThinking2650 won by resignation"]

1. d4 Nf6 2. c4 g6 3. Nf3 Bg7 4. Bg5 O-O 5. Nc3 d6 6. e3 h6 7. Bh4 a6 8. Be2 c6 9. Qc2 b5 10. Rd1 b4 11. Nb1 Bf5 12. Bd3 Bxd3 13. Qxd3 Qa5 14.
Qb3 Nbd7 15. Nbd2 e5 16. O-O e4 17. Ne1 d5 18. Bg3 Rfc8 19. Nc2 Bf8 20. c5 Nh5 21. Nxb4 Nxg3 22. hxg3 Rab8 23. a3 Qb5 24. f3 exf3 25. Rxf3 a5 26. Rdf1 f5 27. Qc2 axb4 28. g4 b3 29. Qd1 Nf6 30. gxf5 g5 31. Rg3 Re8 32. Nf3 Rxe3 33. Qc1 Rbe8 34. Ne5 Rxg3 35. Qe1 Rg4 36. Qf2 Rf4 37. Qxf4 gxf4 0-1

[Event "*** Qualifier 4: Titled Tuesday 3|2 Blitz"]
[Site "Chess.com"]
[Date "2017.04.25"]
[Round "3"]
[White "ChristopherYoo"]
[Black "DiogenesSinopeus"]
[Result "1-0"]
[WhiteElo "2277"]
[BlackElo "2242"]
[TimeControl "180+2"]
[EndTime "13:33:35 PDT"]
[Termination "ChristopherYoo won by resignation"]

1. e4 e5 2. Nf3 Nc6 3. Bb5 a6 4.
Ba4 d6 5. Bxc6+ bxc6 6. d4 f6 7.
Nc3 Ne7 8. Be3 Ng6 9. Qd2 Be7 10.
h3 O-O 11. O-O Kh8 12. Rad1 Bd7 13. Kh2 Qb8 14. b3 Qe8 15. g4 Rd8 16. d5 cxd5 17. Nxd5 Rc8 18. Rg1 Qf7 19. h4 Rfd8 20. h5 Nf8 21.
Nh4 Be6 22. c4 c6 23. Nxe7 Qxe7 24. Qb4 c5 25. Qd2 Qf7 26. Nf5 Bxf5 27. exf5 Rc6 28. Qd5 Qxd5 29. Rxd5 Nd7 30. Rgd1 Nb6 31. Rxc5 Rxc5 32.
Bxc5 Nc8 33. Bb4 Kg8 34. Rd5 Kf7 35. c5 Ne7 36. Rxd6 Rxd6 37. cxd6 Nd5 38. d7 1-0

[Event "*** Qualifier 4: Titled Tuesday 3|2 Blitz"]
[Site "Chess.com"]
[Date "2017.04.25"]
[Round "3"]
[White "Rikikits"]
[Black "SergeiAza"]
[Result "1/2-1/2"]
[WhiteElo "2610"]
[BlackElo "2663"]
[TimeControl "180+2"]
[EndTime "13:33:36 PDT"]
[Termination "Game drawn by agreement"]

1. d4 d5 2. c4 e6 3. Nc3 Be7 4.
Nf3 Nf6 5. Bg5 h6 6. Bh4 O-O 7. e3 b6 8. cxd5 Nxd5 9. Bg3 Bb7 10. Rc1 c5 11. Be2 cxd4 12. Nxd4 Nxc3 13. bxc3 Nd7 14. O-O Nc5 15. f3 Bh4 16. Qe1 Bxg3 17. Qxg3 Qg5 18. Qxg5 hxg5 19. Rfd1 Rfd8 20. Kf2 Rac8 21. Nb5 Rxd1 22. Rxd1 Kf8 23. Nd6 Rc7 24. Nb5 Rc8 25. e4 Ke7 26. Ke3 f6 27. Nd6 Rh8 28. h3 Bc6 29. Nb5 Bxb5 30. Bxb5 Rc8 31. Rd4 Rc7 32. g3 a6 33. Be2 b5 34. Rb4 Na4 35. c4 Nc3 36.
cxb5 axb5 37. a3 Nxe2 38. Kxe2 Rc3 39. Rxb5 Rxa3 40. Rb7+ Kf8 41. Rb2 e5 42. Kf2 Rc3 43.
Re2 Kf7 1/2-1/2

[Event "*** Qualifier 4: Titled Tuesday 3|2 Blitz"]
[Site "Chess.com"]
[Date "2017.04.25"]
[Round "3"]
[White "Gabrielian_Artur"]
[Black "djano"]
[Result "1-0"]
[WhiteElo "2586"]
[BlackElo "2420"]
[TimeControl "180+2"]
[EndTime "13:33:54 PDT"]
[Termination "Gabrielian_Artur won by resignation"]

1. d4 e6 2. c4 d5 3. Nf3 Nf6 4. g3 Be7 5. Bg2 O-O 6. O-O c6 7.
Qc2 b6 8. Nbd2 Bb7 9. b3 Nbd7 10.
Bb2 Rc8 11. e4 c5 12. exd5 exd5 13. Rfe1 dxc4 14. Nxc4 cxd4 15. Nxd4 Bxg2 16. Kxg2 Bb4 17. Re2 Re8 18. Rd1 Qc7 19. Qf5 Qb7+ 20. Kg1 a6 21. a3 Bc5 22. Rde1 Rxe2 23. Rxe2 Bxd4 24. Bxd4 b5 25. Bxf6 Nxf6 26. Re7 Qa8 27. Ne3 Rc1+ 28. Nf1 h6 29. Qd3 Qc6 30. Qd8+ Kh7 31. Qd3+ Kg8 32. Qd8+ Kh7 33. Rxf7 Qc2 34. Qxf6 Rxf1+ 35. Kxf1 Qd1+ 36. Kg2 Qd5+ 37. f3 Qd2+ 38. Kh3 Qd7+ 39. Rxd7 1-0